 Dungeon Crawl Stone Soup version 0.29-a0-973-gac7da5f7f0 (webtiles) character file.

Game seed: 6615817783856506420

241 purpskrrrp the Sneak (level 6, -10/37 HPs)
             Began as an Octopode Enchanter on July 31, 2022.
             Mangled by an ogre
             ... wielding a +5 giant club
              (38 damage)
             ... on level 3 of the Dungeon.
             The game lasted 00:07:09 (3195 turns).

purpskrrrp the Sneak (Octopode Enchanter)           Turns: 3195, Time: 00:07:10

Health: -10/37     AC:  1    Str:  8    XL:     6   Next: 8%
Magic:  9/9        EV: 13    Int: 17    God:
Gold:   173        SH:  0    Dex: 14    Spells: 9/9 levels left

rFire   . . .      SeeInvis .   r - +2 dagger (freeze)
rCold   . . .      Faith    .   (no shield)
rNeg    . . .      Spirit   .   (helmet restricted)
rPois   .          Reflect  .   k - amulet of magic regeneration
rElec   .          Harm     .   m - ring of resist corrosion
rCorr   +          Rampage  .   (no ring)
Will    .....                   (no ring)
Stlth   +++++.....              (no ring)
HPRegen 0.12/turn               (no ring)
MPRegen 0.51/turn               (no ring)
                                (no ring)
                                (no ring)

@: no status effects
A: almost no armour, amphibious, 8 rings, camouflage 1, gelatinous body 1,
(nimble swimmer 1), tentacles
a: no special abilities


You were on level 3 of the Dungeon.
You visited 1 branch of the dungeon, and saw 4 of its levels.

You collected 173 gold pieces.

Inventory:

Hand Weapons
 a - a +1 dagger
 r - a +2 dagger of freezing (weapon)
Missiles
 j - 5 poisoned darts
Jewellery
 k - an amulet of magic regeneration (around mantle)
 m - a ring of resist corrosion (left tentacle)
Scrolls
 c - a scroll of noise {unknown}
 d - 2 scrolls of blinking (quivered)
 f - 2 scrolls of amnesia {unknown}
 i - a scroll of fog {unknown}
 o - 3 scrolls of teleportation {unknown}
 q - a scroll of magic mapping {unknown}
 t - 3 scrolls of identify
 u - a scroll of vulnerability {unknown}
Potions
 b - a potion of invisibility
 e - 2 potions of ambrosia
 g - 3 potions of brilliance {unknown}
 h - a potion of cancellation {unknown}
 l - 2 potions of mutation {unknown}
 n - a potion of haste {unknown}
 p - a potion of lignification {unknown}
 s - 2 potions of degeneration {unknown}
 v - 2 potions of heal wounds {unknown}


   Skills:
 + Level 0.5 Fighting
 * Level 3.2 Short Blades
 - Level 2.0 Dodging
 * Level 7.5 Stealth
 + Level 2.1 Spellcasting
 + Level 3.2 Hexes


You had 9 spell levels left.
You didn't know any spells.
Your spell library contained the following spells:

 Spells                   Type           Power      Damage    Failure   Level
 Ensorcelled Hibernation  Hex/Ice        14%        N/A       14%         2
 Confusing Touch          Hex            12%        N/A       16%         3
 Tukima's Dance           Hex            12%        N/A       16%         3
 Dazzling Flash           Conj/Hex       14%        N/A       28%         3


Dungeon Overview and Level Annotations

Branches:
Dungeon (4/15)
 Temple: D:4-7

Altars:
Elyvilon

Annotations:
D:3 1 transporter, quixfox's ghost, weakling GrEE


Innate Abilities, Weirdness & Mutations

You cannot wear most types of armour.
You are amphibious.
You can wear up to eight rings at the same time.
Your skin changes colour to match your surroundings (Stealth+).
Your rubbery body absorbs attacks. (AC +1, EV +1)
((You are camouflaged when in or above water. (Stealth+)))
You have tentacles for arms and can constrict up to eight enemies at once.


Message History

You now have 169 gold pieces (gained 12).
d - 2 scrolls of blinking (gained 1)
There is an open door here.
You see here a giant cockroach corpse.
You open the door.
A hobgoblin and a bat come into view.
There are monsters nearby!
There is an open door here.
The helpless hobgoblin fails to defend itself.
You stick the hobgoblin like a pincushion!!!
You freeze the hobgoblin.
You kill the hobgoblin!
The bat barely misses you.
You hit the bat but do no damage. Your grab misses the bat.
Your squeeze misses the bat. The bat closely misses you.
You hit the bat. You freeze the bat.
You kill the bat!
No target in view!
No target in view!
You open the door.
There is an open door here.
There is an open door here.
You now have 173 gold pieces (gained 4).
Partly explored, unvisited transporter.
Partly explored, unvisited transporter.
Partly explored, unvisited transporter.
Quixfox's ghost turns its malevolent gaze towards you.
The ogre shouts!
You see here a +0 sling.
Found a transporter.
There is a transporter here.
You enter the transporter and appear at another place.
Quixfox's ghost casts a spell at you. The blast of sand misses you.
The ogre hits you with a +5 giant club!
You hit the ogre. You freeze the ogre.
The ogre is lightly wounded.
The ogre hits you with a +5 giant club!!!
Ouch! That really hurt!
You die...

#...............###....
#...............##.....
##.....§.©.....##......
################<.....
##....?!.....###......
#.#.W#.#..#.##...#...
#..##...##..##.#.####
#..##OW.##..##.#.#...
#.#.@#.#..#.#........
#©....©.....#........
#############........
#.................
#.............)...
#....#..........>.
##.................
####..................
#......##.............


You could see an ogre and quixfox's ghost.

Vanquished Creatures
  A necrophage (D:3)
  An iguana (D:3)
  8 adders
  3 dart slugs
  2 orcs (D:3)
  3 endoplasms
  2 giant cockroaches (D:3)
  5 goblins
  8 hobgoblins
  8 jackals
  5 quokkas
  5 ball pythons
  9 bats
  2 frilled lizards
  6 kobolds
  7 rats
75 creatures vanquished.

Notes
Turn   | Place    | Note
-------+----------+-------------------------------------------
     0 | D:1      | purpskrrrp the Octopode Enchanter began the quest for the
                  | Orb.
     0 | D:1      | Reached XP level 1. HP: 11/11 MP: 3/3
   286 | D:1      | Reached XP level 2. HP: 16/17 MP: 5/5
  1107 | D:2      | Reached skill level 5 in Stealth
  1107 | D:2      | Reached XP level 3. HP: 21/21 MP: 6/6
  1131 | D:2      | Found a white marble altar of Elyvilon.
  1249 | D:2      | Found a faded altar of an unknown god.
  1360 | D:2      | Reached XP level 4. HP: 20/27 MP: 7/7
  2028 | D:3      | Noticed a necrophage
  2154 | D:3      | Reached skill level 6 in Stealth
  2161 | D:3      | Killed a necrophage
  2162 | D:3      | Reached XP level 5. HP: 3/32 MP: 8/8
  2459 | D:3      | Reached skill level 7 in Stealth
  2799 | D:3      | Noticed an ogre
  2800 | D:3      | Noticed quixfox's ghost (weakling GrEE)
  2801 | D:3      | Found a transporter.
  2944 | D:3      | Reached XP level 6. HP: 37/37 MP: 9/9
  3189 | D:3      | Found a transporter.
  3195 | D:3      | Mangled by an ogre

Illustrated notes

Levels and vault maps discovered:
D:1:      psy_arrival_spokes, layout_loops_ring
D:2:      layout_loops_cross, basic_altar, chequers_ecumenical_altar_island
D:3:      minmay_chambers_of_twos, layout_rooms, gammafunk_ghost_smash,
          minmay_misc_feat_diagonals, minmay_close_crescents
D:4:      layout_cave_pods, kennysheep_doodads, uniq_grinder, uniq_duvessa

Skill      XL: |  1  2  3  4  5 |
---------------+----------------+-----
Stealth        | 5 6 7 |  7.5
Short Blades   | 2 3 |  3.2
Fighting       | |  0.5
Dodging        | |  2.0
Spellcasting   | |  2.1
Hexes          | |  3.2

Action                   |  1- 3 |  4- 6 || total
-------------------------+-------+-------++-------
Melee: Dagger            |    59 |    85 ||   144
       Constrict         |    12 |    22 ||    34
       Tentacles         |     8 |    10 ||    18
       Punch             |     1 |       ||     1
  Use: Scroll            |     1 |     2 ||     3
       Potion            |       |     1 ||     1
 Stab: Sleeping          |    15 |    14 ||    29
       Invisible         |       |     1 ||     1
Armor: Skin              |     3 |    10 ||    13
Dodge: Dodged            |    38 |    43 ||    81

Table legend: (Time is in decaauts)
 A = Elapsed time spent in this place.
 B = Non-inter-level travel time spent in this place.
 C = Inter-level travel time spent in this place.
 D = Time resting spent in this place.
 E = Time spent auto-exploring this place.
 F = Levels seen in this place.
 G = Mean time per level.
                   A        B        C        D        E       F      G
               +--------+--------+--------+--------+--------+-----+--------+
         Total |   3179 |   3148 |     31 |    323 |   2268 |   4 |  794.8 |
       Dungeon |   3179 |   3148 |     31 |    323 |   2268 |   4 |  794.8 |
               +--------+--------+--------+--------+--------+-----+--------+

Top non-repeatable levels by time:
     D:1: 1091 daAuts
     D:2: 914 daAuts
     D:3: 893 daAuts
     D:4: 279 daAuts
